 Dungeon Crawl Stone Soup version 0.30-a0-912-ge10d75a369 (webtiles) character file.

Game seed: 14754625760286584044

8394 Aequonox the Sneak (level 11, -11/67 HPs)
             Began as a Gargoyle Earth Elementalist on Mar 19, 2023.
             Was an Initiate of Ashenzari.
             Mangled by an ogre
             ... wielding a +0 giant club
             ... led by an orc knight
              (26 damage)
             ... on level 11 of the Dungeon.
             The game lasted 01:08:53 (12903 turns).

Aequonox the Sneak (Gargoyle Earth Elementalist)   Turns: 12903, Time: 01:08:54

Health: -11/67     AC: 14    Str: 12    XL:     11   Next: 30%
Magic:  28/28      EV: 11    Int: 18    God:    Ashenzari [......]
Gold:   641        SH: 10    Dex: 12    Spells: 15/21 levels left

rFire   . . .      SeeInvis +    o - +7 whip of the Fated the Doldrums {heavy, rC+ MP+9 Stlth+, Fort, Self} (curse)
rCold   + . .      Faith    .    a - +0 kite shield
rNeg    + . .      Spirit   .    O - +2 robe {Will+}
rPois   ∞          Reflect  .    (helmet restricted)
rElec   +          Rampage  .    (no cloak)
rCorr   .          Clarity  +    (no gloves)
Will    +....                    (no boots)
Stlth   ++++                     l - amulet of regeneration
HPRegen 1.11/turn                h - ring of see invisible
MPRegen 0.21/turn                P - ring of flight

@: about to teleport, flying
A: sickness immunity, AC +8, negative energy resistance 1, electricity
resistance, torment resistance 1, petrification resistance, horns 1, iridescent
scales 1, clarity, screaming 1
a: Renounce Religion, Curse Item, Shatter the Chains


You were on level 11 of the Dungeon.
You worshipped Ashenzari.
Ashenzari was noncommittal.
You visited 2 branches of the dungeon, and saw 13 of its levels.
You also visited: Sewer and Bailey.

You collected 711 gold pieces.
You spent 70 gold pieces at shops.

Inventory:

Hand Weapons
 o - the cursed +7 whip of the Fated the Doldrums (weapon) {heavy, rC+ MP+9 Stlth+, Fort, Self}
   (You found it on level 2 of the Dungeon)

   rC:        It protects you from cold.
   MP:        It affects your magic capacity (+9).
   Stlth:     It makes you more stealthy.
   It has a curse which improves the following skills: Fortitude: Armour and
   Shields.
   Introspection: Fighting and Spellcasting.
Missiles
 f - 6 silver javelins
Armour
 a - a +0 kite shield (worn)
 p - a +0 tower shield
 x - a +1 helmet
 O - a +2 robe of willpower (worn)
 U - a +0 plate armour
Magical Staves
 v - a staff of fire
Jewellery
 h - a ring of see invisible (left hand)
 l - an amulet of regeneration (around neck)
 C - an amulet of magic regeneration
 P - a ring of flight (right hand)
Wands
 A - a wand of roots (15)
 G - a wand of flame (37)
 S - a wand of mindburst (9)
 T - a wand of acid (8)
Scrolls
 c - a scroll of amnesia {unknown}
 g - 5 scrolls of fog
 j - a scroll of enchant armour
 q - 2 scrolls of magic mapping
 r - a scroll of enchant weapon {unknown}
 t - 2 scrolls of vulnerability
 w - 2 scrolls of poison
 D - a scroll of summoning
 F - a scroll of torment
 J - a scroll of silence {unknown}
 L - a scroll of immolation {unknown}
 M - a scroll of brand weapon
 R - a scroll of blinking {unknown}
Potions
 b - a potion of magic
 e - a potion of resistance {unknown}
 i - 4 potions of haste
 k - 4 potions of brilliance
 s - a potion of ambrosia {unknown}
 u - 5 potions of flight
 z - 2 potions of degeneration {unknown}
 B - a potion of berserk rage {unknown}
 H - a potion of lignification {unknown}
 I - 5 potions of curing
 K - a potion of attraction {unknown}
 N - 2 potions of mutation


   Skills:
 + Level 6.6(7.0) Fighting
 + Level 6.0 Maces & Flails
 + Level 6.5(6.9) Armour
 - Level 3.7 Dodging
 - Level 7.1 Stealth
 + Level 6.5(6.9) Shields
 - Level 5.4(5.8) Spellcasting
 - Level 6.1 Conjurations
 - Level 0.7 Transmutations
 + Level 3.7 Ice Magic
 - Level 6.2 Earth Magic


You had 15 spell levels left.
You knew the following spells:

 Your Spells              Type           Power      Damage    Failure   Level
a - Sandblast             Erth           54%        2d13      2%          1
b - Stone Arrow           Conj/Erth      54%        3d10      8%          3
c - Passwall              Tmut/Erth      14%        N/A       12%         2

Your spell library contained the following spells:

 Spells                   Type           Power      Damage    Failure   Level
 Freeze                   Ice            72%        1d8       7%          1
 Hailstorm                Conj/Ice       23%        3d7       13%         3
 Frozen Ramparts          Ice            36%        1d6       21%         3
 Ensorcelled Hibernation  Hex/Ice        24%        N/A       22%         2
 Dazzling Flash           Conj/Hex       32%        N/A       26%         3
 Sting                    Tmut/Pois      24%        1d4       28%         1
 Necrotise                Necr           20%        1d5       32%         1
 Mephitic Cloud           Conj/Pois/Air  12%        N/A       38%         3
 Poisonous Vapours        Pois/Air       10%        N/A       43%         2
 Petrify                  Tmut/Erth      17%        N/A       58%         4
 Spider Form              Tmut/Pois      6%         N/A       63%         3
 Iskenderun's Mystic Bla  Conj/Tloc      16%        2d5       65%         4
 Gell's Gravitas          Tloc           5%         N/A       67%         3
 Teleport Other           Tloc           5%         N/A       67%         3
 Vampiric Draining        Necr           5%         2d6       67%         3
 Anguish                  Hex/Necr       2%         N/A       97%         4
 Olgreb's Toxic Radiance  Pois           5%         N/A       97%         4
 Agony                    Necr           5%         N/A       100%        5
 Dispersal                Tloc           2%         N/A       100%        6
 Starburst                Conj/Fire      8%         6d4       100%        6
 Cigotuvi's Dreadful Rot  Necr/Pois/Air  Unusable   N/A       N/A         2

Dungeon Overview and Level Annotations

Branches:
Dungeon (12/15)            Temple (0/1) D:5            Lair (0/5) D:10
    Orc (1/2) D:11          Sewer (visited)          Bailey (visited)

Altars:
Ashenzari
Elyvilon
Gozag
Hepliaklqana
Okawaru
Qazlal
Sif Muna
Trog
Uskayaw
Vehumet

Shops:
D:3 [   D:4 :   D:5 *   D:11 (

Annotations:
D:11 1 runed translucent door, TimeIsEndless's ghost, journeyman TrFi


Innate Abilities, Weirdness & Mutations

You are immune to sickness and miasma.
Your stone body is resilient. (AC +8)
You are immune to poison.
You resist negative energy. (rN+)
You are resistant to electric shocks. (rElec)
You are resistant to unholy torment.
You are immune to petrification.
You have a pair of small horns on your head.
You are partially covered in iridescent scales. (AC +2)
You possess an exceptional clarity of mind.
You occasionally shout uncontrollably at your foes.


Message History

The orc wizard flickers and vanishes for a moment.
The blast of sand hits the orc!
You kill the orc!
An orc wizard comes into view. It is wielding a +0 dagger.
The blast of sand hits the troll!
The troll is moderately wounded.
The orc wizard gestures at you while chanting.
The puff of flame misses you. The ogre barely misses you.
The troll closely misses you.
The troll claws you but does no damage. x2
You fly upwards.
Welcome back to the Dungeon!
Level annotation: 1 runed translucent door, TimeIsEndless's ghost, journeyman TrFi
There is a staircase to the Orcish Mines here.
Press: ? - help, v - describe, . - travel
Here: an ogre, wielding a +0 giant club The floor.
You barely miss the troll.
You headbutt the troll, but do no damage.
The troll is lightly wounded.
You block the troll's attack. The troll barely misses you.
The troll completely misses you.
The ogre hits you with a +0 giant club!!
You barely miss the ogre. You block the troll's attack. The troll claws you!
The troll barely misses you. The ogre hits you with a +0 giant club!
The troll bites you but does no damage. You block the troll's attack.
The troll claws you!
* * * LOW HITPOINT WARNING * * *
As you read the scroll of teleportation, it crumbles to dust.
You feel strangely unstable. You block the troll's attack. x2
The troll claws you.
* * * LOW HITPOINT WARNING * * *
You feel better. The ogre hits you with a +0 giant club.
* * * LOW HITPOINT WARNING * * *
The troll misses you. You block the troll's attack.
The troll claws you but does no damage.
You feel better. The troll bites you!
* * * LOW HITPOINT WARNING * * *
You block the troll's attack. The troll claws you but does no damage.
The ogre hits you with a +0 giant club!!
You die...

.#.................#.#.#....###..
.###################.#.#.........
.###################.#.#.........
.#.................#.(.#...##....
.#.................#...#...##....
##.....................#...##....
##.....................#...#####.
##.............)O......#...#...#.
##..............@.∩....#...'.#.'.
##..............T......#...#...##
##...........).........#...####..
##.....................#......#.#
##.........#########...#...##.'..
##.......)(#############...##.###
##....................##......##.
##....................##......##.
'.....................##...#####.


You could see a troll and an ogre.

Vanquished Creatures
  A two-headed ogre (D:11)
  A gargoyle (D:11)
  A komodo dragon (D:9)
  A troll (D:11)
  4 shadows
  2 wraiths (D:11)
  A yak (D:10)
  A wyvern (D:9)
  A basilisk (D:11)
  8 vampire mosquitoes (D:11)
  An acid dragon (D:9)
  A water moccasin (Sewer)
  2 sky beasts
  2 ice beasts
  A black bear (D:10)
  16 orc warriors
  2 centaurs
  A phantom (D:6)
  3 kobold brigands
  3 bullfrogs
  6 scorpions
  A wight (D:9)
  4 killer bees (D:11)
  A howler monkey (D:7)
  3 quasits
  A hound (D:6)
  Crazy Yiuf (D:6)
  A gnoll bouda (D:8)
  A jelly (D:5)
  3 orc priests
  A sleepcap (D:6)
  4 iguanas
  7 orc wizards
  7 gnolls
  7 adders
  A river rat (D:5)
  A white imp (D:6)
  5 ufetubi (D:6)
  A worm (D:3)
  A dart slug (D:1)
  31 orcs
  3 bats (D:3)
  7 endoplasms
  3 giant cockroaches
  12 goblins
  4 hobgoblins
  A jackal (Sewer)
  3 quokkas
  2 ball pythons (D:1)
  A frilled lizard (D:1)
  31 kobolds
  6 rats
214 creatures vanquished.

Vanquished Creatures (collateral kills)
  A cyclops (D:11)
1 creature vanquished.

Vanquished Creatures (others)
  A centaur (D:10)
  5 demonic plants (D:6)
6 creatures vanquished.

Grand Total: 221 creatures vanquished

Notes
Turn   | Place    | Note
-------+----------+-------------------------------------------
     0 | D:1      | Aequonox the Gargoyle Earth Elementalist began the quest
                  | for the Orb.
     0 | D:1      | Reached XP level 1. HP: 10/10 MP: 3/3
     2 | D:1      | Noticed an octopode
     2 | D:1      | Noticed a gargoyle
     4 | D:1      | Noticed a demigod
     4 | D:1      | Noticed an armataur
     6 | D:1      | Noticed a tengu
     6 | D:1      | Noticed a minotaur
     8 | D:1      | Noticed a naga
     8 | D:1      | Noticed a demonspawn
    10 | D:1      | Noticed a vampire
    12 | D:1      | Noticed an ogre
    12 | D:1      | Noticed a troll
    14 | D:1      | Noticed a ghoul
    14 | D:1      | Noticed a formicid
    16 | D:1      | Noticed a spriggan
    16 | D:1      | Noticed a felid
    18 | D:1      | Noticed a draconian
    20 | D:1      | Noticed a human
    22 | D:1      | Noticed a vine stalker
    22 | D:1      | Noticed a merfolk
    24 | D:1      | Noticed a formicid
    24 | D:1      | Noticed an elf
    26 | D:1      | Noticed a troll
   300 | D:1      | Reached XP level 2. HP: 15/15 MP: 3/5
   372 | D:1      | Reached skill level 1 in Conjurations
   791 | D:2      | Reached XP level 3. HP: 19/19 MP: 0/6
   796 | D:2      | Learned a level 3 spell: Stone Arrow
   867 | D:2      | Identified the +7 whip "Fieroetz" {heavy, rC+ MP+9 Stlth+}
  1171 | D:2      | Noticed a scorpion
  1211 | D:2      | Found a faded altar of an unknown god.
  1219 | D:2      | Prayed at the altar of an unknown god.
  1219 | D:2      | Became a worshipper of Ashenzari the Shackled
  1581 | D:3      | Found a radiant altar of Vehumet.
  1705 | D:3      | Reached XP level 4. HP: 24/24 MP: 8/8
  2131 | D:3      | Found Feos's Armour Emporium.
  2236 | D:4      | Noticed a black bear
  2283 | D:4      | Noticed a scorpion
  2283 | D:4      | Noticed a scorpion
  2319 | D:4      | Reached skill level 1 in Fighting
  2391 | D:4      | Reached skill level 1 in Shields
  2391 | D:4      | Reached XP level 5. HP: 29/29 MP: 9/9
  2427 | D:4      | Reached skill level 1 in Maces & Flails
  2427 | D:4      | Reached skill level 1 in Armour
  2444 | D:4      | Reached XP level 6. HP: 35/35 MP: 10/10
  3130 | D:4      | Reached skill level 3 in Stealth
  3275 | D:4      | Found Ysay's Book Boutique.
  3403 | D:5      | Entered Level 5 of the Dungeon
  3454 | D:5      | Found a glowing drain.
  3459 | Sewer    | Entered a sewer
  3515 | Sewer    | Noticed a water moccasin
  3573 | Sewer    | Killed a water moccasin
  3661 | Sewer    | Learned a level 2 spell: Passwall
  3748 | D:5      | Reached XP level 7. HP: 40/40 MP: 12/12
  3804 | D:5      | Reached skill level 5 in Earth Magic
  4059 | D:5      | Found Arupterra's Assorted Antiques.
  4071 | D:5      | Found a staircase to the Ecumenical Temple.
  4124 | D:5      | Bought a silvery potion for 17 gold pieces
  4124 | D:5      | Bought a cyan potion for 17 gold pieces
  4124 | D:5      | Bought a purple potion for 17 gold pieces
  4124 | D:5      | Bought a scroll labelled BYNUFE AGEOG for 19 gold pieces
  4643 | D:6      | Reached XP level 8. HP: 46/46 MP: 14/14
  4763 | D:6      | Reached skill level 4 in Stealth
  5312 | D:6      | Found a bloodstained altar of Trog.
  5349 | D:6      | Found a hazy altar of Hepliaklqana.
  5422 | D:6      | Found a runed translucent door.
  5423 | D:6      | Noticed Crazy Yiuf
  5431 | D:6      | Killed Crazy Yiuf
  5531 | D:6      | Found an iron altar of Okawaru.
  5652 | D:7      | Found an opulent altar of Gozag.
  5655 | D:7      | Found a white marble altar of Elyvilon.
  5963 | D:7      | Reached XP level 9. HP: 46/52 MP: 15/15
  6386 | D:8      | Reached skill level 5 in Stealth
  7428 | D:8      | Found a stormy altar of Qazlal.
  7537 | D:9      | Found a hide-covered altar of Uskayaw.
  7711 | D:9      | Found a flagged portal.
  7720 | Bailey   | Entered a bailey
  8714 | Bailey   | Reached skill level 5 in Shields
  8758 | Bailey   | Reached skill level 5 in Fighting
  8758 | Bailey   | Reached skill level 5 in Armour
  8902 | Bailey   | Reached skill level 6 in Stealth
  8902 | Bailey   | Reached skill level 5 in Conjurations
  8902 | Bailey   | Reached skill level 1 in Ice Magic
  8993 | D:9      | Noticed a two-headed ogre
  9014 | D:9      | Reached XP level 10. HP: 50/59 MP: 17/17
  9935 | D:10     | Entered Level 10 of the Dungeon
  9977 | D:10     | Found a staircase to the Lair.
  9977 | D:10     | Noticed an elephant
 10021 | D:9      | Reached skill level 5 in Maces & Flails
 10072 | D:10     | Found a shimmering blue altar of Sif Muna.
 10259 | D:11     | Reached skill level 5 in Spellcasting
 10278 | D:11     | Noticed a gargoyle
 10381 | D:11     | Found a runed translucent door.
 10381 | D:11     | Noticed TimeIsEndless's ghost (journeyman TrFi)
 10501 | D:11     | Found Ydosiosa's Weapon Shoppe.
 10502 | D:11     | Found a staircase to the Orcish Mines.
 10888 | D:11     | Noticed a cyclops
 11494 | D:11     | Reached skill level 7 in Stealth
 11494 | D:11     | Reached XP level 11. HP: 45/66 MP: 19/19
 12215 | D:12     | Noticed a two-headed ogre
 12487 | D:11     | Killed a two-headed ogre
 12612 | D:11     | Killed a cyclops
 12791 | D:11     | Gained mutation: You have a pair of small horns on your
                  | head. [potion of mutation]
 12791 | D:11     | Gained mutation: You occasionally shout uncontrollably at
                  | your foes. [potion of mutation]
 12791 | D:11     | Gained mutation: You possess an exceptional clarity of
                  | mind. [potion of mutation]
 12791 | D:11     | Gained mutation: You are partially covered in iridescent
                  | scales. (AC +2) [potion of mutation]
 12872 | Orc:1    | Entered Level 1 of the Orcish Mines
 12891 | Orc:1    | Noticed an orc knight
 12903 | D:11     | Mangled by an ogre

Illustrated notes

Levels and vault maps discovered:
D:1:      kb_arrival_jail, layout_basic, minmay_misc_feat_rugged
D:2:      layout_basic, ebering_ecumenical_altar_mist
D:3:      layout_loops_ring, lemuel_crystal_altar, serial_shops,
          nicolae_shop_hallway_plus, hangedman_decor_growths
D:4:      layout_cave_pools, serial_shops, nicolae_shop_behind_doors
D:5:      layout_cave_pools, minmay_temple_entry_ruins, serial_shops,
          shop_fountains, gup_sewer_entry_spiral
D:6:      layout_cave_pools, mainiacjoe_overflow_two_lobes,
          okawaru_altar_gauntlet_db, serial_demonic, serial_demonic_c,
          serial_demonic_d, serial_demonic_b, serial_demonic_e,
          uniq_crazy_yiuf_cottage
D:7:      layout_basic, grunt_temple_overflow_open, minivault_27
D:8:      layout_loops_ring, nicolae_qazlal_eye_of_the_storm
D:9:      layout_gridville, mainiacjoe_overflow_six_doors_small, enter_bailey_1,
          nrook_pool_corridor, minmay_between
D:10:     layout_basic, kb_xom_exploding_sheep, lemuel_blue_sif_altar,
          david_lair_generic, lemuel_flamethrower_hall, uniq_amaemon
D:11:     layout_stronghold, orc_david_3, hellmonk_ghost_happy_afterlife
D:12:     layout_big_octagon, dk_noncrumbling_2, minivault_19, uniq_jorgrun
Orc:1:    layout_caves, basic_altar

Skill      XL: |  1  2  3  4  5  6  7  8  9 10 11 |
---------------+----------------------------------+-----
Conjurations   | 1 2 3 4 5 6 |  6.1
Earth Magic    | 4 5 6 |  6.2
Fighting       | 1 2 3 5 6 |  6.6
Shields        | 1 2 3 5 6 |  6.5
Maces & Flails | 1 2 3 4 5 6 |  6.0
Armour         | 1 2 3 5 6 |  6.5
Spellcasting   | 3 4 5 |  5.4
Stealth        | 3 4 6 7 |  7.1
Dodging        | 2 3 |  3.7
Ice Magic      | 1 3 |  3.7
Transmutations | |  0.7

Action                     |  1- 3 |  4- 6 |  7- 9 | 10-12 || total
---------------------------+-------+-------+-------+-------++-------
  Melee: Unarmed           |     2 |       |       |       ||     2
         Whip              |       |    16 |    76 |    81 ||   173
         Headbutt          |       |       |       |     3 ||     3
         Punch             |       |       |       |     1 ||     1
   Cast: Sandblast         |    44 |    47 |    82 |   106 ||   279
         Passwall          |       |     6 |       |       ||     6
         Stone Arrow       |       |     1 |   118 |    22 ||   141
 Invoke: Curse Item        |     1 |       |       |       ||     1
  Evoke: Wand              |       |       |     3 |     3 ||     6
    Use: Scroll            |       |     3 |     6 |    13 ||    22
         Potion            |       |       |     5 |    11 ||    16
   Stab: Sleeping          |       |     1 |     1 |     1 ||     3
         Paralysed         |       |       |     2 |       ||     2
 Armour: Robe              |     7 |     6 |    65 |    99 ||   177
  Dodge: Dodged            |     4 |    11 |    90 |   139 ||   244
  Block: Kite shield       |       |       |    13 |    90 ||   103

Table legend: (Time is in decaauts)
 A = Elapsed time spent in this place.
 B = Non-inter-level travel time spent in this place.
 C = Inter-level travel time spent in this place.
 D = Time resting spent in this place.
 E = Time spent auto-exploring this place.
 F = Levels seen in this place.
 G = Mean time per level.
                   A        B        C        D        E       F      G
               +--------+--------+--------+--------+--------+-----+--------+
         Total |  13198 |  11848 |   1350 |    894 |   7270 |  15 |  879.9 |
       Dungeon |  11607 |  10257 |   1350 |    251 |   6994 |  12 |  967.2 |
  Orcish Mines |     27 |     27 |      0 |      0 |      3 |   1 |   27.0 |
         Sewer |    276 |    276 |      0 |      0 |     90 |   1 |  276.0 |
        Bailey |   1288 |   1288 |      0 |    643 |    183 |   1 | 1288.0 |
               +--------+--------+--------+--------+--------+-----+--------+

Top non-repeatable levels by time:
    D:11: 2723 daAuts
     D:8: 1288 daAuts
  Bailey: 1288 daAuts
     D:9: 1105 daAuts
     D:3: 1074 daAuts
     D:5: 1000 daAuts
     D:6: 994 daAuts
     D:2: 950 daAuts
     D:7: 777 daAuts
     D:1: 719 daAuts
     D:4: 704 daAuts
   Sewer: 276 daAuts
    D:10: 256 daAuts
   Orc:1: 27 daAuts
    D:12: 11 daAuts
